cohdb
Replays
Latest Replays
All Replays
Popular Replays
Top Player Replays
Match Explorer
How It Works
Community
CoH3 Stats
Reddit
Sign in to upload your games and track your stats! →
Sign in with Steam
Match 41763420
Unlisted
Match 41763420
Overview
Messages
Build Orders
End
Vickers Machine Gun Team
Construct Section Command Post
Selects Canadian Shock Battlegroup
Infantry Section
ML 3-inch Mortar Team
Infantry Section
Selects Attacking Spirit
Construct Field Infirmary
Construct Platoon Command Post
Selects Incendiary Munitions
6-pounder Anti-tank Gun Team
Grenade Package
Selects Canadian Shock Section
Team Weapon Training
Big Ham (DFC)
Insomniac
Bazonga97✠
ComanderPy
0
0
Comments
sign in to comment!
No comments posted yet!